 Dungeon Crawl Stone Soup version 0.28-a0-1002-gf00fe891ef (webtiles) character file.

Game seed: 7049506796624994580

57 miscthings the Charlatan (level 4, 0/22 HPs)
             Began as a Vine Stalker Artificer on Dec 6, 2021.
             Slain by an adder (3 damage)
             ... on level 2 of the Dungeon.
             The game lasted 00:02:15 (1139 turns).

miscthings the Charlatan (Vine Stalker Artificer)   Turns: 1139, Time: 00:02:16

Health: 0/22       AC:  8    Str: 16    XL:     4   Next: 0%
Magic:  0/5        EV:  6    Int: 11    God:
Gold:   39         SH:  0    Dex: 15    Spells: 3/3 levels left

rFire   . . .      SeeInvis .   g - +0 spear
rCold   . . .      Faith    .   (no shield)
rNeg    . . .      Spirit   +   h - +0 chain mail
rPois   .          Reflect  .   (no helmet)
rElec   .          Harm     .   (no cloak)
rCorr   .          Rampage  .   (no gloves)
Will    .....                   (no boots)
Stlth   ..........              (no amulet)
HPRegen 0.87/turn               (no ring)
MPRegen 0.09/turn               (no ring)

@: no status effects
A: fangs 2, regeneration 1, magic shield, antimagic bite, no potion heal 2
a: no special abilities


You were on level 2 of the Dungeon.
You visited 1 branch of the dungeon, and saw 2 of its levels.

You collected 39 gold pieces.

Inventory:

Hand Weapons
 a - a +0 club
 g - a +0 spear (weapon)
Armour
 b - a +0 leather armour
 h - a +0 chain mail (worn)
 k - a +0 ring mail
Wands
 c - a wand of flame (12) (quivered)
 d - a wand of charming (9)
Scrolls
 f - 3 scrolls of identify {unknown}
 i - a scroll of blinking {unknown}
Potions
 j - a potion of resistance {unknown}
Miscellaneous
 e - a piece from Xom's chessboard (15/15)


   Skills:
 + Level 1.1 Fighting
 - Level 1.5 Armour
 - Level 0.7 Dodging
 - Level 1.2 Stealth
 + Level 4.2 Evocations


You had 3 spell levels left.
You didn't know any spells.
Your spell library was empty.

Dungeon Overview and Level Annotations

Branches:
Dungeon (2/15)

Altars:
Vehumet


Innate Abilities, Weirdness & Mutations

You have extremely sharp teeth.
Your natural rate of healing is unusually fast.
When hurt, damage is shared between your health and your magic reserves.
Your bite disrupts and absorbs the magic of your enemies.
Potions cannot restore your health.


Message History

You hit the endoplasm.
You bite the endoplasm, but do no damage.
The endoplasm is moderately wounded.
The endoplasm freezes you.
You are frozen.
The endoplasm hits you but does no damage.
The adder bites you.
You are poisoned.
The adder poisons you!
You feel sick.
You feel sick. The endoplasm freezes you.
You are frozen.
You feel sick.
You barely miss the endoplasm.
You bite the endoplasm, but do no damage.
The endoplasm is moderately wounded.
You feel sick.
You are no longer poisoned.
The endoplasm freezes you.
You are frozen.
* * * LOW HITPOINT WARNING * * *
Aiming: Throw Flame
Press: ? - help, Shift-Dir - straight line, f/p - endoplasm
Aim: an endoplasm (moderately wounded, 98% to hit)
The puff of flame hits the endoplasm.
The endoplasm is severely wounded.
The endoplasm barely misses you.
You hit the endoplasm.
You kill the endoplasm!
You have reached level 4!
You feel agile.
You begin to heal more quickly.
Aiming: Throw Flame
Press: ? - help, Shift-Dir - straight line, f - adder
Aim: an adder (53% to hit)
The puff of flame hits the adder!
The adder is almost dead.
The adder bites you but does no damage. The adder bites you.
You die...

######### ........#
######.######## ..
#.............. ...
#.###.#.####...
...###########.###.#..###...
................@S..........
...............###.#..######
##......######## #.#..#
........)......# #.....#
#.......###.##.# #####.#
#......†'.#..#.## ..
#.......#.#.....# #.#
#.......#.##.#..# ..
#....#.##....#..#


You could see an adder.

Vanquished Creatures
  2 gnolls (D:2)
  A dart slug (D:1)
  4 bats
  5 endoplasms
  A giant cockroach (D:1)
  A hobgoblin (D:2)
  3 kobolds
  A quokka (D:1)
  2 frilled lizards (D:1)
  4 goblins (D:1)
  3 rats (D:1)
27 creatures vanquished.

Vanquished Creatures (collateral kills)
  A gnoll (D:2)
1 creature vanquished.

Vanquished Creatures (others)
  A howler monkey (D:2)
1 creature vanquished.

Grand Total: 29 creatures vanquished

Notes
Turn   | Place    | Note
-------+----------+-------------------------------------------
     0 | D:1      | miscthings the Vine Stalker Artificer began the quest for
                  | the Orb.
     0 | D:1      | Reached XP level 1. HP: 9/9 MP: 2/2
    85 | D:1      | Reached skill level 3 in Evocations
   318 | D:1      | Reached XP level 2. HP: 14/14 MP: 3/3
   565 | D:1      | Found a radiant altar of Vehumet.
   567 | D:1      | Reached XP level 3. HP: 17/17 MP: 4/4
   654 | D:1      | Found a faded altar of an unknown god.
   805 | D:2      | Reached skill level 1 in Fighting
   813 | D:2      | Reached skill level 4 in Evocations
  1139 | D:2      | Gained mutation: Your natural rate of healing is unusually
                  | fast. [Vine Stalker growth]
  1139 | D:2      | Reached XP level 4. HP: 2/22 MP: 0/5
  1139 | D:2      | Slain by an adder

Illustrated notes

Levels and vault maps discovered:
D:1:      minmay_arrival_hallway, layout_basic,
          shapermc_ecumenical_altar_starsandcircs, minmay_hexomino_r4
D:2:      layout_basic, uniq_robin

Skill      XL: |  1  2  3 |
---------------+----------+-----
Evocations     | 3 4 |  4.2
Fighting       | 1 |  1.1
Armour         | |  1.5
Dodging        | |  0.7
Stealth        | |  1.2

Action                   |  1- 3 |  4- 6 || total
-------------------------+-------+-------++-------
Melee: Club              |    22 |       ||    22
       Bite              |    22 |       ||    22
       Spear             |    85 |       ||    85
Evoke: Wand              |     8 |     1 ||     9
Armor: Leather armour    |    12 |       ||    12
       Chain mail        |    49 |     1 ||    50
Dodge: Dodged            |    54 |       ||    54

Table legend: (Time is in decaauts)
 A = Elapsed time spent in this place.
 B = Non-inter-level travel time spent in this place.
 C = Inter-level travel time spent in this place.
 D = Time resting spent in this place.
 E = Time spent auto-exploring this place.
 F = Levels seen in this place.
 G = Mean time per level.
                   A        B        C        D        E       F      G
               +--------+--------+--------+--------+--------+-----+--------+
         Total |   1153 |   1131 |     22 |    282 |    527 |   2 |  576.5 |
       Dungeon |   1153 |   1131 |     22 |    282 |    527 |   2 |  576.5 |
               +--------+--------+--------+--------+--------+-----+--------+

Top non-repeatable levels by time:
     D:1: 764 daAuts
     D:2: 388 daAuts
